 Dungeon Crawl Stone Soup version 0.28-a0-1374-ga75cb3825e (webtiles) character file.

Game seed: 2052429114749964999

1404 bande the Chopper (level 8, -5/73 HPs)
             Began as a Gargoyle Fighter on Jan 1, 2022.
             Was a Priest of Okawaru.
             Slain by Urgle's ghost (8 damage)
             ... on level 6 of the Dungeon.
             The game lasted 00:09:17 (8693 turns).

bande the Chopper (Gargoyle Fighter)                Turns: 8693, Time: 00:09:18

Health: -5/73      AC: 24    Str: 20    XL:     8   Next: 70%
Magic:  11/11      EV:  2    Int:  9    God:    Okawaru [***...]
Gold:   276        SH:  5    Dex: 11    Spells: 7/7 levels left

rFire   . . .      SeeInvis .   a - +1 war axe
rCold   . . .      Faith    .   c - +0 buckler
rNeg    + . .      Spirit   .   (armour currently unavailable)
rPois   ∞          Reflect  .   (helmet currently unavailable)
rElec   .          Harm     .   (cloak currently unavailable)
rCorr   .          Rampage  .   (gloves currently unavailable)
Will    .....      NoTele   +   (boots currently unavailable)
Stlth   +.........              (no amulet)
HPRegen 0.22/turn               (no ring)
MPRegen 0.12/turn               (no ring)

@: mighty, tree-form
A: stationary, stasis, torment immunity, boosted hp, sickness immunity, AC +5,
negative energy resistance 1, (electricity resistance), torment resistance 1,
petrification resistance
a: Renounce Religion, Heroism


You were on level 6 of the Dungeon.
You worshipped Okawaru.
Okawaru was most pleased with you.
You were a tree.
You visited 2 branches of the dungeon, and saw 7 of its levels.

You collected 276 gold pieces.

Inventory:

Hand Weapons
 a - a +1 war axe (weapon)
 h - a +0 war axe
 v - the +8 mace of Foul Odours {freeze, Dex+2}
   (You found it on level 5 of the Dungeon)

   It freezes those it strikes, dealing additional cold damage.
   It can also slow down cold-blooded creatures.
   Dex:       It affects your dexterity (+2).
Armour
 c - a +0 buckler (worn)
 g - a +2 hat (melded)
 m - an orb of mayhem
 q - a +0 pair of boots (melded)
 u - a +0 cloak (melded)
 w - a +0 plate armour (melded)
Jewellery
 b - an amulet of magic regeneration
Wands
 d - a wand of mindburst (11)
 r - a wand of iceblast (13)
Scrolls
 i - 3 scrolls of teleportation
 l - a scroll of brand weapon {unknown}
 o - 2 scrolls of identify {unknown}
 p - a scroll of silence {unknown}
Potions
 e - a potion of curing
 f - a potion of lignification
 j - a potion of haste {unknown}
 k - a potion of ambrosia {unknown}
 s - a potion of cancellation {unknown}


   Skills:
 + Level 5.3 Fighting
 + Level 6.1 Axes
 + Level 6.0 Armour
 + Level 4.4 Shields
 * Level 4.1 Invocations
 * Level 2.1 Evocations


You had 7 spell levels left.
You didn't know any spells.
Your spell library contained the following spells:

 Spells                   Type           Power      Damage    Failure   Level
 Beastly Appendage        Tmut           0%         N/A       38%         1
 Wereblood                Tmut           0%         N/A       52%         2
 Dazzling Flash           Conj/Hex       0%         N/A       77%         3
 Spider Form              Tmut/Pois      0%         N/A       77%         3
 Iskenderun's Mystic Bla  Conj/Tloc      0%         2d3       99%         4
 Agony                    Necr           0%         N/A       100%        5
 Silence                  Hex/Air        0%         N/A       100%        5
 Eringya's Noxious Bog    Tmut/Pois      0%         N/A       100%        6
 Starburst                Conj/Fire      0%         6d3       100%        6
 Orb of Destruction       Conj           0%         N/A       100%        7
 Summon Guardian Golem    Hex/Summ       Unusable   N/A       N/A         3
 Summon Forest            Summ/Tloc      Unusable   N/A       N/A         5
 Spellforged Servitor     Conj/Summ      Unusable   N/A       N/A         7
 Summon Hydra             Summ           Unusable   N/A       N/A         7

Dungeon Overview and Level Annotations

Branches:
Dungeon (6/15)             Temple (1/1) D:4

Altars:
Ashenzari
Cheibriados
Fedhas
Gozag
Hepliaklqana
Kikubaaqudgha
Okawaru
Uskayaw
Vehumet
Wu Jian
Xom
Yredelemnul
Zin
The Shining One

Annotations:
D:6 Urgle's ghost, novice MiFi; oldriver's ghost, weakling FeSu


Innate Abilities, Weirdness & Mutations

You are a tree.
Your roots penetrate the ground, keeping you stationary.
You cannot be teleported.
You are immune to unholy pain and torment.
Your maximum health is greatly increased.
Your equipment is partially melded.
You are immune to sickness and miasma.
((Your stone body is resilient. (AC +5)))
You are immune to poison.
You resist negative energy. (rN+)
((You are resistant to electric shocks. (rElec)))
You are resistant to unholy torment.
You are immune to petrification.


Message History

Urgle's ghost barely misses you.
You feel better.
Urgle's ghost hits you but does no damage.
Oldriver's ghost mumbles some strange words.
It was a potion of lignification.
You turn into a tree.
Your +0 cloak melds into your body.
Your +2 hat melds into your body.
Your +0 pair of boots melds into your body.
Your +0 plate armour melds into your body.
Your roots penetrate the ground.
Urgle's ghost hits you.
* * * LOW HITPOINT WARNING * * *
You feel very mighty all of a sudden. Urgle's ghost hits you!
* * * LOW HITPOINT WARNING * * *
The crimson imp blinks!
You completely miss Urgle's ghost.
Urgle's ghost is moderately damaged.
Urgle's ghost barely misses you.
The white imp shouts, "Face thy requiem, thou twisted dread-bolted flim-flammer!"
Urgle's ghost hits you but does no damage.
Unknown command.
You closely miss Urgle's ghost.
Urgle's ghost is moderately damaged.
The crimson imp puffs mist at you. Urgle's ghost hits you.
* * * LOW HITPOINT WARNING * * *
You hit Urgle's ghost but do no damage.
Urgle's ghost is moderately damaged.
The white imp disappears in a puff of smoke!
You block Urgle's ghost's attack.
You hit Urgle's ghost but do no damage.
Urgle's ghost is moderately damaged.
Urgle's ghost hits you but does no damage.
You barely miss Urgle's ghost.
Urgle's ghost is moderately damaged.
Urgle's ghost barely misses you.
You barely miss Urgle's ghost.
Urgle's ghost is moderately damaged.
The crimson imp disappears in a puff of smoke!
Urgle's ghost hits you!
You die...

##.[.## #.# #.# ##'##
#.# #.# #.# #.# #.# #.#
#.# #.# ##.## #># #.#
####...#########.#
####.######
.................#
#.......##.
####...#########.#
#.##.##.##. ##.## #♣#
#.##.##.##. #.# #W##
#.##....... #.#
###W5#####.#####.##.
#.# #..§....##.# #.##.
# #.#
#.....(.##.#####.##. #
#.#
###'''####.......### #
#.# #.........#########
# #.# #⌠.......⌠#
#######
#####.#######P.......P#
#......


You could see Urgle's ghost, oldriver's ghost and a crimson imp (summoned).

Vanquished Creatures
  Eustachio (D:5)
  A water moccasin (D:4)
  3 black bears
  A necrophage (D:6)
  A phantom (D:5)
  A scorpion (D:5)
  A water moccasin zombie (D:5)
  A howler monkey (D:6)
  2 jellies
  Crazy Yiuf (D:5)
  2 orc priests
  2 hounds
  6 iguanas
  Ijyb (D:5)
  An orc wizard (D:5)
  A hound zombie (D:5)
  A hound skeleton (D:4)
  A howler monkey zombie (D:6)
  2 adders (D:3)
  A white imp (D:6)
  An adder skeleton (D:4)
  2 worms
  A dart slug (D:2)
  10 orcs
  4 ball pythons
  8 endoplasms
  4 giant cockroaches
  4 goblins
  6 hobgoblins
  4 jackals (D:4)
  3 quokkas
  15 bats
  2 frilled lizards
  7 kobolds
  5 rats
107 creatures vanquished.

Vanquished Creatures (others)
  4 fungi (D:5)
  2 plants (D:2)
  3 withered plants (D:6)
9 creatures vanquished.

Grand Total: 116 creatures vanquished

Notes
Turn   | Place    | Note
-------+----------+-------------------------------------------
     0 | D:1      | bande the Gargoyle Fighter began the quest for the Orb.
     0 | D:1      | Reached XP level 1. HP: 14/14 MP: 1/1
   298 | D:1      | Reached XP level 2. HP: 15/19 MP: 2/2
   875 | D:1      | Found a faded altar of an unknown god.
  1418 | D:2      | Reached XP level 3. HP: 20/23 MP: 3/3
  2692 | D:3      | Reached XP level 4. HP: 28/29 MP: 4/4
  3056 | D:4      | Found a staircase to the Ecumenical Temple.
  3075 | Temple   | Entered the Ecumenical Temple
  3168 | Temple   | Became a worshipper of Warmaster Okawaru
  3233 | D:4      | Identified the +1 quarterstaff "Fustup" {freeze, rF+}
  3631 | D:4      | Noticed a black bear
  3636 | D:4      | Killed a black bear
  3637 | D:4      | Reached skill level 1 in Invocations
  3637 | D:4      | Reached XP level 5. HP: 29/33 MP: 5/5
  3798 | D:4      | Reached * piety under Okawaru
  4384 | D:4      | HP: 1/33 [something/magic dart (5)]
  4400 | D:5      | Entered Level 5 of the Dungeon
  4419 | D:5      | Reached XP level 6. HP: 9/39 MP: 7/7
  5530 | D:5      | Noticed Eustachio
  5531 | D:5      | Noticed a water moccasin
  5928 | D:4      | Killed a water moccasin
  5929 | D:4      | Reached XP level 7. HP: 14/44 MP: 8/8
  6363 | D:5      | Killed Eustachio
  6363 | D:5      | Reached ** piety under Okawaru
  6364 | D:5      | Reached skill level 5 in Armour
  6431 | D:5      | Found an ornate altar of the Wu Jian Council.
  6570 | D:5      | Reached skill level 5 in Axes
  6897 | D:5      | Reached skill level 1 in Evocations
  6897 | D:5      | Reached XP level 8. HP: 46/48 MP: 10/10
  6932 | D:5      | Noticed Ijyb
  6945 | D:5      | Killed Ijyb
  6946 | D:5      | Reached skill level 5 in Fighting
  7513 | D:5      | Found a runed translucent door.
  7514 | D:5      | Noticed Crazy Yiuf
  7526 | D:5      | Killed Crazy Yiuf
  7537 | D:5      | Identified the +8 mace of Foul Odours {freeze, Dex+2}
  8089 | D:6      | Reached *** piety under Okawaru
  8531 | D:6      | Found a runed translucent gate.
  8531 | D:6      | Found a runed translucent gate.
  8531 | D:6      | Found a runed translucent gate.
  8535 | D:6      | Noticed Urgle's ghost (novice MiFi)
  8535 | D:6      | Noticed oldriver's ghost (weakling FeSu)
  8689 | D:6      | HP: 2/73 [Urgle's ghost (3)]
  8693 | D:6      | Slain by Urgle's ghost

Illustrated notes

Levels and vault maps discovered:
D:1:      dpeg_arrival_orchard, layout_basic,
          shapermc_ecumenical_altar_totnotflames
D:2:      layout_loops_ring, chequers_serial_rivers_small_a, chequers_big_river,
          kennysheep_nondescript, kennysheep_big_empty_room,
          hangedman_feature_mirror, minmay_tetromino_t4
D:3:      layout_basic
D:4:      layout_basic
D:5:      layout_rooms, mainiacjoe_overflow_surrounded_room, roderic_batcave,
          uniq_ijyb, uniq_eustachio, uniq_crazy_yiuf_cottage
D:6:      layout_loops_corners, gammafunk_ghost_cemetery
Temple:   eino_narrow_crystal_temple

Skill      XL: |  1  2  3  4  5  6  7  8 |
---------------+-------------------------+-----
Axes           | 2 3 4 5 6 |  6.1
Armour         | 4 5 6 |  6.0
Fighting       | 4 5 |  5.3
Invocations    | 1 2 3 4 |  4.1
Shields        | 4 |  4.4
Evocations     | 1 2 |  2.1

Action                   |  1- 3 |  4- 6 |  7- 9 || total
-------------------------+-------+-------+-------++-------
Melee: War axe           |   108 |   186 |   165 ||   459
  Use: Scroll            |     8 |     2 |       ||    10
       Potion            |       |     1 |     5 ||     6
Armor: Scale mail        |    51 |     2 |       ||    53
       Chain mail        |       |   197 |   102 ||   299
       Plate armour      |       |       |    15 ||    15
       Skin              |       |       |     2 ||     2
Dodge: Dodged            |    50 |    86 |    55 ||   191
Block: Buckler           |    19 |    61 |    31 ||   111

Table legend: (Time is in decaauts)
 A = Elapsed time spent in this place.
 B = Non-inter-level travel time spent in this place.
 C = Inter-level travel time spent in this place.
 D = Time resting spent in this place.
 E = Time spent auto-exploring this place.
 F = Levels seen in this place.
 G = Mean time per level.
                   A        B        C        D        E       F      G
               +--------+--------+--------+--------+--------+-----+--------+
         Total |   8852 |   8760 |     92 |   2827 |   4603 |   7 | 1264.6 |
       Dungeon |   8741 |   8657 |     84 |   2827 |   4524 |   6 | 1456.8 |
        Temple |    111 |    103 |      8 |      0 |     79 |   1 |  111.0 |
               +--------+--------+--------+--------+--------+-----+--------+

Top non-repeatable levels by time:
     D:5: 2384 daAuts
     D:4: 2171 daAuts
     D:1: 1165 daAuts
     D:2: 1104 daAuts
     D:6: 1077 daAuts
     D:3: 837 daAuts
  Temple: 111 daAuts
